 Dungeon Crawl Stone Soup version 0.17-a0-1945-gfe993df (webtiles) character file.

25 achirane the Insei (level 3, 0/19 HPs)
             Began as a Vine Stalker Monk on Sept 30, 2015.
             Succumbed to an adder's poison
             ... on level 2 of the Dungeon.
             The game lasted 00:02:11 (502 turns).

achirane the Insei (Vine Stalker Monk)               Turns: 502, Time: 00:02:11

Health: 0/19       AC:  2    Str: 13    XL:     3   Next: 6%
Magic:  2/4        EV: 13    Int: 10    God:
Gold:   16         SH:  0    Dex: 17    Spells: 0 memorised, 2 levels left

rFire  . . .     SeeInvis .       - Unarmed
rCold  . . .     Clarity  .     a - +0 robe
rNeg   . . .     SustAt   .     (no shield)
rPois  .         Gourm    .     (no helmet)
rElec  .         Spirit   +     (no cloak)
rCorr  .         Warding  .     (no gloves)
rMut   .         Stasis   .     (no boots)
MR     .....                    (no amulet)
Stlth  +++.......               (no ring)
                                (no ring)

@: lethally poisoned (0 -> -2), not resistant to hostile enchantments, fairly
stealthy
A: fangs 2, regeneration 1, magic shield, antimagic bite, no device heal 3, rot
immunity
a: no special abilities


You were on level 2 of the Dungeon.
You were not hungry.

You visited 1 branch of the dungeon, and saw 2 of its levels.

You collected 16 gold pieces.

Inventory:

Hand weapons
 g - a +0 dagger
   (You took it off a goblin on level 1 of the Dungeon)
Armour
 a - a +0 robe (worn)
Scrolls
 c - a scroll of remove curse {unknown}
 d - a scroll of blinking {unknown}
 e - a scroll of enchant armour {unknown}
 f - a scroll of identify {unknown}
Comestibles
 b - a bread ration {@e1}
 h - a beef jerky


   Skills:
 - Level 2.6 Fighting
 - Level 2.4 Dodging
 + Level 3.5 Stealth
 + Level 4.4 Unarmed Combat


You had 2 spell levels left.
You didn't know any spells.

Dungeon Overview and Level Annotations

Branches:
Dungeon (2/15)

Altars:


Innate Abilities, Weirdness & Mutations

You have extremely sharp teeth.
Your natural rate of healing is unusually fast.
When hurt, damage is shared between your health and your magic reserves.
Your bite disrupts and absorbs the magic of your enemies.
Potions and wands cannot restore your health.
You are immune to rotting.


Message History

You kill the rat!
You see here a rat corpse.
HP restored.
Health restored: 16 MP restored: 3 An ooze comes into view.
The ooze quivers.
The ooze hits you but does no damage.
You hit the ooze but do no damage. You bite the ooze, but do no damage.
The ooze closely misses you.
You barely miss the ooze. You bite the ooze. You drain its power.
The ooze is lightly wounded.
The ooze completely misses you.
You hit the ooze. You bite the ooze, but do no damage.
The ooze is heavily wounded.
The ooze completely misses you.
You hit the ooze. You bite the ooze. You drain its power.
You kill the ooze!
Your Stealth skill increases to level 3!
A goblin comes into view. It is wielding a dagger.
You barely miss the goblin.
The goblin shouts!
Your bite misses the goblin. The goblin hits you with a dagger.
You take 1 damage, and have 15/16 hp.
You hit the goblin. Your bite misses the goblin.
The goblin is heavily wounded.
The goblin misses you.
You hit the goblin.
You kill the goblin!
Things that are here:
a dagger; a goblin corpse
g - a dagger Health restored: 16 You see here 19 arrows.
Found a stone staircase leading down.
You can't go down here!
There is a stone staircase leading down here.
You climb downwards.
A giant newt and a hobgoblin come into view.
There is a stone staircase leading up here.
The helpless hobgoblin fails to defend itself.
You punch the hobgoblin!
You kill the hobgoblin!
You barely miss the giant newt. You bite the giant newt. You drain its power.
You kill the giant newt!
Things that are here:
a club; a hobgoblin corpse You open the door.
Found a stone staircase leading down.
There is an open door here.
There is a stone staircase leading down here.
An adder comes into view.
h - a beef jerky Wield which item (- for none, * to show all)? (? for menu, Esc to quit)
g - a +0 dagger (weapon)
Wield which item (- for none, * to show all)? (? for menu, Esc to quit)
You are now empty-handed.
You hit the adder but do no damage. The adder closely misses you.
The adder bites you.
You take 1 damage, and have 15/16 hp.
You now have 2/3 mp.
You hit the adder but do no damage. The adder barely misses you.
You hit the adder. Your bite misses the adder.
The adder is lightly wounded.
The adder completely misses you.
You miss the adder. Your bite misses the adder.
The adder is lightly wounded.
The adder bites you.
You are poisoned.
The adder poisons you!
You take 4 damage, and have 11/16 hp.
MASSIVE DAMAGE!!
You miss the adder. You bite the adder, but do no damage.
The adder is lightly wounded.
You feel sick. The adder closely misses you. The adder bites you.
You are more poisoned.
The adder poisons you!
You take 3 damage, and have 8/16 hp.
You hit the adder. You bite the adder. You drain its power.
You feel invigorated.
The adder is severely wounded.
You feel sick. The adder bites you.
* * * LOW HITPOINT WARNING * * *
You take 4 damage, and have 4/16 hp.
MASSIVE DAMAGE!!
You hit the adder but do no damage. You bite the adder. You drain its power.
You feel invigorated.
The adder is almost dead.
The adder barely misses you.
MP restored: 3 You closely miss the adder.
The adder is almost dead.
* * * LOW HITPOINT WARNING * * *
You feel sick. The adder bites you.
* * * LOW HITPOINT WARNING * * *
You take 3 damage, and have 1/16 hp.
You now have 2/3 mp.
You hit the adder.
You kill the adder!
You have reached level 3!
Your experience leads to an increase in your attributes!
Increase (S)trength, (I)ntelligence, or (D)exterity?
You feel agile.
You die...

# .# #. . #. ##.
..#.. ##+## .#.##
##...## ...
##.....## #†###
##...<...## #@#.##
#.........###....##
+.....)...'.>.....#
#.........###....##
##.......## #.#.##
##.....## #.###
##...## #.# ##+##
#.. ###


There were no monsters in sight!

Vanquished Creatures
  An adder (D:2)
  An ooze (D:1)
  3 goblins (D:1)
  2 hobgoblins
  A kobold (D:1)
  A giant gecko (D:1)
  A giant newt (D:2)
  3 rats (D:1)
13 creatures vanquished.

Notes
Turn   | Place    | Note
--------------------------------------------------------------
     0 | D:1      | achirane the Vine Stalker Monk began the quest for the Orb.
     0 | D:1      | Reached XP level 1. HP: 11/11 MP: 2/2
   212 | D:1      | Reached XP level 2. HP: 11/16 MP: 3/3
   375 | D:1      | Reached skill level 3 in Stealth
   499 | D:2      | HP: 4/16 [adder (3)]
   501 | D:2      | HP: 1/16 [adder (2)]
   502 | D:2      | Reached XP level 3. HP: 1/19 MP: 2/4
   502 | D:2      | Succumbed to an adder's poison

Vault maps used:
D:1:      dpeg_arrival_three_smaller_balls, minmay_misc_feat_hallway

Action                   || total
-------------------------++-------
Melee: Unarmed           ||    45
 Stab: Sleeping          ||     4

Vault maps used:
D:1:      dpeg_arrival_three_smaller_balls, minmay_misc_feat_hallway

Table legend:
 A = Turns spent in this place as a percentage of turns spent in the entire game.
 B = Non-inter-level travel turns spent in this place as a percentage of non-inter-level travel turns spent in the entire game.
 C = Inter-level travel turns spent in this place as a percentage of turns spent in this place.
 D = Turns resting spent in this place as a percentage of non-inter-level travel turns spent in this place.
 E = Turns spent auto-exploring this place as a percentage of non-inter-level travel turns spent in this place.
 F = Non-inter-level travel turns spent in this place divided by the number of levels of this place that you've seen.
                   A       B       C       D       E      F
               +-------+-------+-------+-------+-------+----------------------
         Total | 100.0 | 100.0 |   0.0 |   0.0 |   9.5 |  68.5
       Dungeon | 100.0 | 100.0 |   0.0 |   0.0 |   9.5 |  68.5
               +-------+-------+-------+-------+-------+----------------------

Table legend:
 A = Kills in this place as a percentage of kills in entire the game.
 B = Kills by you in this place as a percentage of kills by you in the entire game.
 C = Kills by friends in this place as a percentage of kills by friends in the entire game.
 D = Other kills in this place as a percentage of other kills in the entire game.
 E = Experience gained in this place as a percentage of experience gained in the entire game.
 F = Experience gained in this place divided by the number of levels of this place that you have seen.
                   A       B       C       D       E      F
               +-------+-------+-------+-------+-------+----------------------
         Total | 100.0 | 100.0 |  -nan |  -nan | 100.0 |  18.5
       Dungeon | 100.0 | 100.0 |  -nan |  -nan | 100.0 |  18.5
               +-------+-------+-------+-------+-------+----------------------
